cohdb
Replays
Latest Replays
All Replays
Popular Replays
Top Player Replays
Match Explorer
How It Works
Community
CoH3 Stats
Reddit
Sign in to upload your games and track your stats! →
Sign in with Steam
Match 41807212
Unlisted
Match 41807212
Overview
Messages
Build Orders
End
Vickers Machine Gun Team
Construct Section Command Post
Infantry Section
Infantry Section
Grenade Package
Construct Platoon Command Post
Selects Air and Sea Battlegroup
Selects Commando Section Paradrop
Selects M1 Pack Howitzer Paradrop
Unlock M3 Stuart Light Tanks
M1 Pack Howitzer Paradrop
M3 Stuart Light Tank
M3 Stuart Light Tank
M1 Pack Howitzer Paradrop
DMusicMan
Mohamed Bouissef Rekab
Mr. AAAAAAYYYle
MonoChrome
0
0
Comments
sign in to comment!
No comments posted yet!